Map: Ruins of Endion

Players

Miszu

  • Race: Terran Terran
  • League: Master

Psz - Winner!

  • Race: Terran Terran

VOD

Have the link to the VOD?

Description

Time

  • Played on: March 28, 2016, 4:20 p.m.
  • Length: 4:40
Show
View Real Time Build Order
Export as new Build Order

Miszu Terran 

Build Orders:  

Get SALT Encoding   

  12  0:01  SCV  
  13  0:13  SCV  
  14  0:19  Supply Depot  
  14  0:25  SCV  
  15  0:41  Barracks  
  15  0:45  Refinery  
  15  0:58  Barracks  
  15  1:18  SCV  
  16  1:30  Barracks Tech Lab, Orbital Command  
  16  1:45  Barracks Tech Lab  
  16  1:49  Marauder  
  16  1:52  Supply Depot  
  18  1:56  Concussive Shells  
  18  1:58  SCV  
  19  2:06  Marauder  
  21  2:10  SCV  
  21  2:15  Marauder  
  24  2:27  Marauder  
  25  2:31  SCV  
  25  2:35  Refinery  
  26  2:39  Marauder  
  24  2:55  Marauder  
  21  2:58  SCV  
  21  3:01  Marauder  
  24  3:11  SCV  
  25  3:16  Marauder  
  25  3:22  Marauder  
  27  3:28  SCV  
  27  3:30  Factory  
  28  3:38  Supply Depot  
  28  3:40  Marauder, SCV  
  29  4:04  SCV  
  26  4:17  SCV  
Show
View Real Time Build Order
Export as new Build Order

Psz Terran - Winner!

Build Orders:  

Get SALT Encoding   

  12  0:01  SCV  
  13  0:13  SCV  
  14  0:17  Supply Depot  
  14  0:25  SCV  
  15  0:39  SCV  
  15  0:42  Barracks  
  16  0:44  Refinery  
  16  0:51  SCV  
  17  0:59  Barracks  
  17  1:03  SCV  
  18  1:15  SCV  
  19  1:29  Reaper, Orbital Command  
  20  1:36  Supply Depot  
  20  1:46  Reaper  
  21  1:54  Barracks  
  21  1:55  SCV  
  22  2:03  Reaper  
  22  2:04  Bunker  
  22  2:07  SCV  
  24  2:19  Supply Depot, SCV  
  25  2:28  Reaper  
  25  2:49  SCV  
  25  2:50  Reaper  
  23  3:01  SCV  
  24  3:07  Refinery, Reaper  
  25  3:13  SCV  
  26  3:25  SCV  
  27  3:28  Bunker  
  27  3:30  Marine x2  
  29  3:35  Factory  
  29  3:38  Marine, SCV  
  31  3:47  Supply Depot  
  31  3:48  Marine x2  
  33  3:56  Marine  
  34  4:05  Marine  
  34  4:07  SCV  
  33  4:11  Barracks Tech Lab  
  32  4:19  Bunker  
  32  4:23  Factory Tech Lab  
  33  4:24  Starport  
Tags
 
League
Master
Matchup
TvT
Race
Terran
Add a new tag
Caveats
  • Supply blocks, unpowered buildings, or Contaminate may cause inaccurate times.
  • Supply counts are checked every 10 seconds.